 Dungeon Crawl Stone Soup version bcrawl-1.40.2 (webtiles) character file.

Game seed: 12076758149950011230

353566 Queen the Transmogrifier (level 11, -7/92 HPs)
             Began as a Grey Draconian Transmuter on Nov 19, 2023.
             Was a Believer of Wu Jian.
             Mangled by a 19-headed hydra (8 damage)
             ... on level 1 of the Lair of Beasts.
             The game lasted 00:32:15 (8967 turns).

Queen the Transmogrifier (DrTm)                     Turns: 8967, Time: 00:32:15

Health: -7/92      AC:  6    Str: 13    XL:     11   Next: 0%
Magic:  21/21      EV: 22    Int: 17    God:    Wu Jian [**....]
Gold:   684        SH:  0    Dex: 16    Spells: 6/23 levels left

rFire    . . .     GDR:     28%   - Fangs (venom) (12.6)
rCold    . . .     SeeInvis +   (shield currently unavailable)
rNeg     . . .     Gourm    .   (armour unavailable)
rPois    x         Faith    .   (helmet currently unavailable)
rElec    .         Spirit   .   (cloak currently unavailable)
rCorr    .         Reflect  .   (gloves currently unavailable)
MR       .....                  (boots currently unavailable)
Stlth    +.........             (no amulet)
HPRegen  0.25/turn              p - ring of see invisible
MPRegen  0.17/turn              u - +4 ring of protection

@: exhausted, spider-form, heavily drained
A: tiny, (walk through water), unfitting armour, AC +12
a: End Transformation, Wall Jump, Serpent's Lash, Renounce Religion


You were on level 1 of the Lair of Beasts.
You worshipped Wu Jian.
Wu Jian was pleased with you.
You were not hungry.
You were a venomous arachnid.
You visited 3 branches of the dungeon, and saw 10 of its levels.

You collected 684 gold pieces.

Inventory:

Missiles
 a - 1027 arrows
Armour
 r - a +2 cloak of magic resistance (melded)
Jewellery
 j - an uncursed ring of flight
 p - a ring of see invisible (left front leg)
 u - a +4 ring of protection (right front leg)
Wands
 q - a wand of disintegration (22)
 B - a wand of digging (9)
Scrolls
 g - 11 scrolls of remove curse {@r2}
 h - 4 scrolls of fog
 i - a scroll of identify {@r1}
 k - 2 scrolls of fear
 n - a scroll of blinking
 o - 2 scrolls of enchant armour
 s - 2 scrolls of immolation
 t - 3 scrolls of enchant weapon
 x - 3 scrolls of teleportation {unknown}
 y - a scroll of revelation {unknown}
 z - a scroll of brand weapon {unknown}
 C - a scroll of torment {unknown}
 D - a scroll of summoning {unknown}
Potions
 b - 3 potions of mutation
 c - a potion of lignification
 d - 3 potions of cancellation
 f - 5 potions of might
 l - a potion of invisibility
 v - 2 potions of heal wounds {@q2}
 w - a potion of flight
 A - a potion of curing {@q1}
Comestibles
 e - 13 rations {!d}
 m - 6 chunks of flesh


   Skills:
 + Level 7.6(5.7) Fighting
 + Level 6.5(4.7) Dodging
 + Level 7.5(5.7) Unarmed Combat
 + Level 6.7(4.9) Spellcasting
 * Level 10.1(8.2) Transmutations


You had 6 spell levels left.
You knew the following spells:

 Your Spells              Type           Power        Failure   Level  Hunger
e - Blade Hands           Tmut           ####......   32%         5    ######.
i - Ice Form              Ice/Tmut       ###.....     47%         4    #####..
p - Passwall              Tmut/Erth      ###.....     13%         2    None
q - Beastly Appendage     Tmut           ####..       3%          1    None
s - Sticks to Snakes      Tmut           ####....     4%          2    None
w - Spider Form           Tmut/Pois      ###          21%         3    ###....

Your spell library contained the following spells:

 Spells                   Type           Power        Failure   Level  Hunger


Dungeon Overview and Level Annotations

Branches:
Dungeon (8/12)             Temple (1/1) D:7            Lair (1/6) D:8
    Orc: D:8-11

Altars:
Ashenzari
Cheibriados
Dithmenos
Elyvilon
Fedhas
Gozag
Hepliaklqana
Kikubaaqudgha
Lugonu
Makhleb
Nemelex Xobeh
Okawaru
Qazlal
Ru
Sif Muna
Trog
Uskayaw
Vehumet
Wu Jian
Xom
Yredelemnul
Zin
The Shining One

Shops:
D:6 }

Annotations:
D:7 1 runed door
D:8 2 transporters, tronn's ghost, novice OpTm


Innate Abilities, Weirdness & Mutations

((You can walk through water.))
((Your dull iron-grey scales are very hard. (AC +12)))
You cannot fit into any form of body armour.
((You can survive without breathing.))
((You are cold-blooded and may be slowed by cold attacks.))


Message History

* * * LOW HITPOINT WARNING * * *
The 19-headed hydra closely misses you. The 19-headed hydra barely misses you.
The 19-headed hydra closely misses you.
The 19-headed hydra bites you but does no damage.
The 19-headed hydra completely misses you.
The 19-headed hydra bites you!
* * * LOW HITPOINT WARNING * * *
The 19-headed hydra barely misses you. The 19-headed hydra closely misses you.
The 19-headed hydra completely misses you.
The 19-headed hydra misses you.
You spin and attack the 19-headed hydra.
You hit the 19-headed hydra.
The 19-headed hydra looks more poisoned.
The 19-headed hydra is severely wounded.
The 19-headed hydra bites you!
* * * LOW HITPOINT WARNING * * *
The 19-headed hydra misses you.
The 19-headed hydra completely misses you.
The 19-headed hydra bites you!
You die...

.. #.......# ##. ##......# ##..
#.PP#'## #.. #####.# #. #.# ###
##..# ##. ####'####.########...#
#..### #.............##.#+.####
.....## ##...........###..÷....#
...... ##.....sD....'.#........
...>.#####P......○....#.'.÷.÷....
......................###.......#
.......#.##...........##........#
.....######...........###........
##..## #######+.#### #.......#
#.## ..## ##+.##### #.# #.. #...#
#.## ##.# ##.####


You could see a 19-headed hydra (pinned).

Vanquished Creatures
  A black mamba (Lair:1)
  A hippogriff (D:7)
  6 yaks
  A basilisk (D:8)
  Eustachio (D:4)
  2 hungry ghosts
  Edmund (D:6)
  A water moccasin (Lair:1)
  3 crocodiles
  4 orc warriors
  5 porcupines
  A hornet zombie (D:8)
  3 sky beasts
  A black bear (D:8)
  2 necrophages
  2 phantoms
  4 wolves (D:8)
  9 ogres
  A kobold brigand (D:7)
  4 bullfrogs
  A wyvern zombie (D:4)
  2 centaurs
  4 scorpions
  A water moccasin skeleton (D:6)
  8 wights
  A howler monkey (D:5)
  7 orc priests
  2 bullfrog zombies
  3 crimson imps
  2 hounds (D:7)
  2 jellies (D:6)
  9 orc wizards
  A bullfrog skeleton (D:7)
  5 iguanas
  8 worker ants
  2 killer bee zombies
  A worker ant zombie (D:7)
  7 adders
  4 river rats (D:5)
  An ooze (D:4)
  An adder zombie (D:6)
  2 worms
  3 dart slugs
  4 leopard geckos
  26 orcs
  A ball python (D:1)
  A giant cockroach (D:1)
  3 goblins
  13 hobgoblins
  9 jackals
  11 kobolds
  3 quokkas
  4 bats
  5 frilled lizards
  5 rats
  A plant (D:5)
216 creatures vanquished.

Vanquished Creatures (collateral kills)
  A hound (D:5)
1 creature vanquished.

Vanquished Creatures (others)
  A fungus (Lair:1)
  3 plants
4 creatures vanquished.

Grand Total: 221 creatures vanquished

Notes
Turn   | Place    | Note
-------+----------+-------------------------------------------
     0 | D:1      | Queen the Draconian Transmuter began the quest for the Orb.
     0 | D:1      | Reached XP level 1. HP: 16/16 MP: 3/3
   127 | D:1      | Reached XP level 2. HP: 12/23 MP: 3/5
   351 | D:1      | Learned a level 2 spell: Sticks to Snakes
   594 | D:1      | Reached XP level 3. HP: 29/29 MP: 4/6
  1022 | D:2      | Learned a level 2 spell: Passwall
  1976 | D:3      | Noticed a phantom
  2036 | D:3      | Killed a phantom
  2037 | D:3      | Reached skill level 3 in Transmutations
  2037 | D:3      | Reached XP level 4. HP: 37/37 MP: 6/8
  2037 | D:3      | Reached XP level 5. HP: 42/42 MP: 6/9
  2041 | D:3      | Learned a level 3 spell: Spider Form
  2217 | D:3      | Found a faded altar of an unknown god.
  2922 | D:3      | Found a shimmering altar of Xom.
  3051 | D:4      | Noticed a sky beast
  3269 | D:4      | Reached XP level 6. HP: 17/50 MP: 7/10
  3380 | D:4      | Killed a sky beast
  3381 | D:4      | Reached skill level 4 in Transmutations
  3505 | D:4      | Found a shattered altar of Ashenzari.
  3652 | D:4      | Your scales start taking on a dull iron-grey colour.
  3652 | D:4      | Reached XP level 7. HP: 57/57 MP: 5/12
  3652 | D:4      | Gained mutation: You can survive without breathing. [Grey
                  | Draconian growth]
  3688 | D:4      | Noticed Eustachio
  3709 | D:4      | Killed Eustachio
  3718 | D:4      | Found a sparkling altar of Nemelex Xobeh.
  3729 | D:4      | Reached skill level 5 in Transmutations
  4098 | D:5      | Entered Level 5 of the Dungeon
  4115 | D:5      | Reached XP level 8. HP: 41/66 MP: 10/14
  4235 | D:5      | Reached skill level 6 in Transmutations
  4286 | D:5      | Reached skill level 5 in Unarmed Combat
  4574 | D:5      | Found a shimmering altar of Xom.
  4929 | D:5      | Reached skill level 5 in Fighting
  5192 | D:5      | Reached skill level 7 in Transmutations
  5195 | D:5      | Found a shadowy altar of Dithmenos.
  5334 | D:6      | Learned a level 5 spell: Blade Hands
  5412 | D:6      | Reached XP level 9. HP: 74/74 MP: 14/16
  5430 | D:6      | Reached skill level 5 in Spellcasting
  5609 | D:6      | Found a shadowy altar of Dithmenos.
  5727 | D:6      | Reached skill level 5 in Dodging
  5793 | D:6      | Found Ruetemyz's Gadget Boutique.
  5967 | D:6      | Noticed Edmund
  5982 | D:6      | Killed Edmund
  6215 | D:6      | Reached skill level 8 in Transmutations
  6358 | D:7      | Learned a level 4 spell: Ice Form
  6371 | D:7      | Found a bloodstained altar of Trog.
  6427 | D:7      | Found a basalt altar of Yredelemnul.
  6546 | D:7      | Found a staircase to the Ecumenical Temple.
  6557 | Temple   | Entered the Ecumenical Temple
  6808 | Temple   | Became a worshipper of the Wu Jian Council
  7044 | D:6      | Reached XP level 10. HP: 5/84 MP: 14/18
  7317 | D:7      | Found a runed door.
  7371 | D:7      | Reached * piety under Wu Jian
  7387 | D:7      | Reached skill level 9 in Transmutations
  7660 | D:8      | Found a staircase to the Lair.
  8110 | D:8      | Reached ** piety under Wu Jian
  8114 | D:8      | Found a transporter.
  8114 | D:8      | Noticed tronn's ghost (novice OpTm)
  8114 | D:8      | Noticed a manticore
  8132 | D:8      | Found a transporter.
  8446 | Lair:1   | Entered Level 1 of the Lair of Beasts
  8455 | Lair:1   | Noticed a black mamba
  8460 | Lair:1   | Killed a black mamba
  8461 | Lair:1   | Reached skill level 10 in Transmutations
  8613 | Lair:1   | Noticed a six-headed hydra
  8644 | Lair:1   | Noticed a cane toad
  8824 | Lair:1   | Reached XP level 11. HP: 92/92 MP: 16/21
  8967 | Lair:1   | HP: 1/92 [19-headed hydra (12)]
  8967 | Lair:1   | Mangled by a 19-headed hydra

Skill      XL: |  1  2  3  4  5  6  7  8  9 10 |
---------------+-------------------------------+-----
Dodging        | 2 3 4 5 6 |  6.5
Fighting       | 2 3 4 5 6 7 |  7.6
Transmutations | 3 4 5 7 8 10 | 10.1
Spellcasting   | 3 4 5 6 |  6.7
Unarmed Combat | 4 5 6 7 |  7.5

Action                   |  1- 3 |  4- 6 |  7- 9 | 10-12 || total
-------------------------+-------+-------+-------+-------++-------
Melee: Unarmed           |   128 |   133 |   443 |   209 ||   913
       Tailslap          |    18 |    11 |     4 |     5 ||    38
       Kick              |    11 |    28 |     4 |       ||    43
       Headbutt          |     4 |     8 |     1 |     1 ||    14
       Punch             |     1 |     1 |     5 |     2 ||     9
 Cast: Beastly Appendage |    27 |    13 |     6 |     1 ||    47
       Passwall          |     2 |     2 |       |       ||     4
       Spider Form       |       |     4 |    18 |     1 ||    23
       Sticks to Snakes  |       |       |     1 |       ||     1
       Blade Hands       |       |       |     2 |    15 ||    17
 Abil: End Transformatio |       |       |     2 |     1 ||     3
       Whirlwind         |       |       |     6 |    35 ||    41
       Lunge             |       |       |     3 |    17 ||    20
       Evoke Flight      |       |       |     1 |       ||     1
       Serpent's Lash    |       |       |       |     2 ||     2
  Use: Scroll            |     2 |     5 |     4 |     3 ||    14
       Potion            |       |       |     7 |       ||     7
 Stab: Sleeping          |       |     1 |     1 |     1 ||     3
       Invisible         |       |       |     5 |       ||     5
  Eat: Chunk             |     4 |    10 |    24 |    17 ||    55
       Ration            |     1 |       |       |     1 ||     2
Armor: Skin              |    29 |    30 |    41 |    62 ||   162
Dodge: Dodged            |    82 |    78 |   304 |   163 ||   627
